 Dungeon Crawl Stone Soup version 0.30.1-11-g7821555f0a (webtiles) character file.

Game seed: 10819014042030787455

16 tmry the Sneak (level 2, -8/13 HPs)
             Began as a Spriggan Enchanter on Dec 15, 2023.
             Mangled by a sleepcap (11 damage)
             ... on level 2 of the Dungeon.
             The game lasted 00:02:39 (627 turns).

tmry the Sneak (Spriggan Enchanter)                  Turns: 627, Time: 00:02:40

Health: -8/13      AC:  2    Str:  4    XL:     2   Next: 41%
Magic:  6/6        EV:  4    Int: 16    God:
Gold:   12         SH:  0    Dex: 15    Spells: 6/6 levels left

rFire   . . .        a - +1 dagger
rCold   . . .        (no shield)
rNeg    . . .        b - +0 robe
rPois   .            (helmet restricted)
rElec   .            (no cloak)
rCorr   .            (gloves unavailable)
SInv    +            (boots unavailable)
Will    .....        (no amulet)
Stlth   +++          (no ring)
HPRegen 0.22/turn    (no ring)
MPRegen 0.10/turn

%: no passive effects
@: sleeping, invisible, very quick
A: very small, no large weapons, unfitting armour, see invisible, speed 3
a: no special abilities


You were on level 2 of the Dungeon.
You visited 1 branch of the dungeon, and saw 2 of its levels.

You collected 12 gold pieces.

Inventory:

Hand Weapons
 a - a +1 dagger (weapon)
Armour
 b - a +0 robe (worn)
 d - a +0 ring mail


   Skills:
 + Level 0.1 Fighting
 + Level 1.1 Short Blades
 + Level 3.1 Dodging
 + Level 4.8 Stealth
 + Level 2.6 Spellcasting
 + Level 4.1 Hexes


You had 6 spell levels left.
You didn't know any spells.
Your spell library contained the following spells:

 Spells                   Type           Power      Damage    Failure   Level
 Confusing Touch          Hex            15%        N/A       11%         3
 Tukima's Dance           Hex            15%        N/A       11%         3
 Ensorcelled Hibernation  Hex/Ice        16%        N/A       13%         2
 Dazzling Flash           Conj/Hex       16%        N/A       26%         3


Dungeon Overview and Level Annotations

Branches:
Dungeon (2/15)

Altars:


Innate Abilities, Weirdness & Mutations

You are very small and have problems with some larger weapons.
You are too small for most types of armour.
You have supernaturally acute eyesight. (SInv)
You cover ground extremely quickly. (Speed+++)


Message History

You hit the endoplasm.
The endoplasm is heavily wounded.
The endoplasm hits you but does no damage.
You hit the endoplasm.
You kill the endoplasm!
You fade into invisibility!
You fade further into invisibility.
You hit the sleepcap but do no damage. The sleepcap misses you.
You hit the sleepcap but do no damage. The sleepcap barely misses you.
You hit the sleepcap.
The sleepcap is lightly damaged.
The sleepcap completely misses you.
You hit the sleepcap but do no damage.
The sleepcap is lightly damaged.
The sleepcap closely misses you.
You hit the sleepcap but do no damage.
The sleepcap is lightly damaged.
The sleepcap completely misses you.
You hit the sleepcap.
The sleepcap is lightly damaged.
The sleepcap barely misses you.
You hit the sleepcap but do no damage.
The sleepcap is lightly damaged.
The sleepcap releases spores at you.
You hit the sleepcap but do no damage.
The sleepcap is lightly damaged.
You hit the sleepcap but do no damage.
The sleepcap is lightly damaged.
The sleepcap barely misses you.
You hit the sleepcap but do no damage.
The sleepcap is lightly damaged.
The sleepcap releases spores at you.
* * * LOW HITPOINT WARNING * * *
You are engulfed in a cloud of soporific spores!
You fall asleep.
The sleepcap barely misses you. The sleepcap releases spores at you!
Ouch! That really hurt!
You die...

#...>##.# #.# .†......#
#.# .....#### #.#
.....# #.# .....# #.#
.....# #f# .....# #.#
####################.##
................@f....#
#######################


You could see a sleepcap (unable to see you).

Vanquished Creatures
  An adder (D:2)
  A ball python (D:2)
  An endoplasm (D:2)
  A goblin (D:1)
  2 kobolds (D:2)
  A bat (D:2)
  A rat (D:1)
8 creatures vanquished.

Notes
Turn   | Place    | Note
-------+----------+-------------------------------------------
     0 | D:1      | tmry the Spriggan Enchanter began the quest for the Orb.
     0 | D:1      | Reached XP level 1. HP: 9/9 MP: 5/5
   417 | D:2      | Noticed a sleepcap
   504 | D:2      | Reached XP level 2. HP: 9/13 MP: 6/6
   627 | D:2      | Mangled by a sleepcap

Illustrated notes

Levels and vault maps discovered:
D:1:      kennysheep_arrival_forest, layout_basic
D:2:      layout_basic, serial_curves, eino_curves_04, eino_curves_03

Skill      XL: |  1 |
---------------+----+-----
Hexes          | 4 |  4.1
Dodging        | 3 |  3.1
Fighting       | |  0.1
Short Blades   | |  1.1
Stealth        | |  4.8
Spellcasting   | |  2.6

Action                     || total
---------------------------++-------
  Melee: Dagger            ||    39
         Punch             ||     1
    Use: Potion            ||     2
   Stab: Sleeping          ||     1
 Armour: Robe              ||     5
  Dodge: Dodged            ||    26
